 Dungeon Crawl Stone Soup version 0.29.1-15-g9cfb28693d (webtiles) character file.

Game seed: 1671922269725079094

77 RatsInWalls the Trooper (level 4, -4/27 (36) HPs)
             Began as a Demonspawn Monk on Mar 12, 2023.
             Succumbed to their own poison gas
             ... on level 2 of the Dungeon.
             The game lasted 00:04:42 (2065 turns).

RatsInWalls the Trooper (Demonspawn Monk)           Turns: 2065, Time: 00:04:42

HP:   -4/27 (36)    AC:  7    Str: 13    XL:     4   Next: 13%
MP:   4/4           EV: 12    Int: 12    God:
Gold: 77            SH:  0    Dex: 15    Spells: 3/3 levels left

rFire   . . .      SeeInvis +   a - +0 hand axe
rCold   . . .      Faith    .   (no shield)
rNeg    . . .      Spirit   .   e - +0 leather armour
rPois   .          Reflect  .   c - +0 helmet
rElec   .          Harm     .   (no cloak)
rCorr   .          Rampage  .   (no gloves)
Will    .....                   f - +0 pair of boots
Stlth   ++........              (no amulet)
HPRegen 0.09/turn               d - ring of see invisible
MPRegen 0.09/turn               (no ring)

@: brilliant, lethally poisoned (-4 -> -41), very heavily drained
A: thin metallic scales 1, demonic touch 2
a: no special abilities


You were on level 2 of the Dungeon.
You visited 1 branch of the dungeon, and saw 2 of its levels.

You collected 77 gold pieces.

Inventory:

Hand Weapons
 a - a +0 hand axe (weapon)
Armour
 c - a +0 helmet (worn)
 e - a +0 leather armour (worn)
 f - a +0 pair of boots (worn)
Jewellery
 d - a ring of see invisible (left hand)
Scrolls
 h - a scroll of poison
Potions
 b - a potion of brilliance
 g - a potion of cancellation {unknown}
 i - a potion of degeneration {unknown}
 j - a potion of flight {unknown}


   Skills:
 + Level 3.6 Fighting
 + Level 3.2 Axes
 + Level 3.2 Dodging
 + Level 2.5 Stealth


You had 3 spell levels left.
You didn't know any spells.
Your spell library was empty.

Dungeon Overview and Level Annotations

Branches:
Dungeon (2/15)

Altars:
Uskayaw

Annotations:
D:2 Terence


Innate Abilities, Weirdness & Mutations

You are partially covered in thin metallic scales. (AC +2)
Your touch may inflict irresistible damage on your foes.


Message History

The endoplasm barely misses your butterfly.
The air fills with toxic fumes!
As you read the scroll labelled FAOSTU PIJOSAA, it crumbles to dust.
It was a scroll of poison.
Your butterfly is engulfed in poison gas.
Your butterfly is poisoned.
You kill your butterfly!
Your butterfly disappears in a burst of colours!
Your butterfly is engulfed in poison gas.
Your butterfly is poisoned.
You kill your butterfly!
Your butterfly disappears in a burst of colours!
Your butterfly is engulfed in poison gas.
Your butterfly is poisoned.
You kill your butterfly!
Your butterfly disappears in a burst of colours!
Terence barely misses you.
Your butterfly is engulfed in poison gas.
Your butterfly is poisoned.
You kill your butterfly!
Your butterfly disappears in a burst of colours!
Your butterfly is engulfed in poison gas.
Your butterfly is poisoned.
You kill your butterfly!
Your butterfly disappears in a burst of colours!
Unknown command.
Really walk into that cloud of poison gas?
You are engulfed in poison gas.
You are poisoned.
* * * LOW HITPOINT WARNING * * *
You feel very sick.
Terence hits you with a +3 short sword of draining.
* * * LOW HITPOINT WARNING * * *
You feel drained.
It was a potion of brilliance.
You feel clever all of a sudden.
You are engulfed in poison gas.
You are more poisoned.
* * * LOW HITPOINT WARNING * * *
You die...

#. .... #.......# #.# #.####...
#.......# #.# ###....... ...
#.......###.# ##.>......
...##.......#...# .?.......#
...#......[#...# .........#
#.........#...# .........#
#..#§§........#
.........#########§§§§§....).).#
.........§..J§.@@§§§#..........#
.........§§.§##§§§§##..........#
..##########.##§§§§§§§.........#
# #..§§.§###§§........# ####§§.#
#.§.....#### #§§§# #.......#
##### #.......# #########


You could see Terence (fast) and an endoplasm.

Vanquished Creatures
  Robin (D:2)
  An adder (D:2)
  2 dart slugs (D:1)
  4 ball pythons
  3 bats
  4 endoplasms
  A giant cockroach (D:2)
  14 goblins
  4 hobgoblins
  2 quokkas
  A frilled lizard (D:2)
  6 kobolds
  5 rats
48 creatures vanquished.

Notes
Turn   | Place    | Note
-------+----------+-------------------------------------------
     0 | D:1      | RatsInWalls the Demonspawn Monk began the quest for the
                  | Orb.
     0 | D:1      | Reached XP level 1. HP: 18/18 MP: 1/1
   657 | D:1      | Gained mutation: You are partially covered in thin metallic
                  | scales. (AC +2) [demonic ancestry]
   657 | D:1      | Reached XP level 2. HP: 23/24 MP: 2/2
   943 | D:1      | Found a faded altar of an unknown god.
  1491 | D:1      | Gained mutation: Your touch may inflict minor irresistible
                  | damage on your foes. [demonic ancestry]
  1491 | D:1      | Reached XP level 3. HP: 29/29 MP: 3/3
  1864 | D:2      | Noticed Robin
  1905 | D:2      | Killed Robin
  1953 | D:2      | Found a hide-covered altar of Uskayaw.
  2000 | D:2      | Gained mutation: Your touch may inflict irresistible damage
                  | on your foes. [demonic ancestry]
  2000 | D:2      | Reached XP level 4. HP: 35/35 MP: 4/4
  2046 | D:2      | Noticed Terence
  2065 | D:2      | Succumbed to their own poison gas

Illustrated notes

Levels and vault maps discovered:
D:1:      ncdulo_smallfort, layout_basic,
          chequers_ecumenical_altar_simple_redux, minmay_3d_cube
D:2:      layout_rooms, basic_altar, minmay_box_of_dots, uniq_robin,
          uniq_terence

Skill      XL: |  1  2 |
---------------+-------+-----
Stealth        | 2 |  2.5
Axes           | 3 |  3.2
Dodging        | 3 |  3.2
Fighting       | |  3.6

Action                   |  1- 3 |  4- 6 || total
-------------------------+-------+-------++-------
Melee: Hand axe          |   121 |     9 ||   130
       Punch             |     1 |       ||     1
       Touch             |     4 |     2 ||     6
  Use: Potion            |     1 |     1 ||     2
       Scroll            |       |     3 ||     3
 Stab: Sleeping          |     2 |       ||     2
Armor: Leather armour    |    42 |     3 ||    45
Dodge: Dodged            |    98 |    10 ||   108
